 Dungeon Crawl Stone Soup version 0.30-a0-540-g0af01429fa (webtiles) character file.

Game seed: 2537404793203684477

82772 Jase the Severer (level 15, -3/143 HPs)
             Began as a Hill Orc Fighter on Dec 25, 2022.
             Was the Champion of Zin.
             Slain by a spark wasp (6 damage)
             ... on level 1 of the Spider Nest.
             The game lasted 01:42:38 (28021 turns).

Jase the Severer (Hill Orc Fighter)                Turns: 28021, Time: 01:42:38

Health: -3/143     AC: 28    Str: 30    XL:     15   Next: 74%
Magic:  22/26      EV:  8    Int: 13    God:    Zin [******]
Gold:   220        SH:  0    Dex:  7    Spells: 14/14 levels left

rFire   . . .      SeeInvis .    a - +3 battleaxe (freeze)
rCold   + . .      Faith    +    (shield currently unavailable)
rNeg    . . .      Spirit   .    n - +2 plate armour "Lubumage" {rC+ Str+3 Int+5 Dex-3}
rPois   .          Reflect  .    Y - +0 hat {Will+}
rElec   .          Harm     .    g - +0 cloak
rCorr   +          Rampage  +    (no gloves)
Will    ++...                    G - +2 pair of boots {rampage}
Stlth   x                          - amulet of faith
HPRegen 0.43/turn                e - +4 ring of protection
MPRegen 0.20/turn                z - ring of resist corrosion

@: studying Fighting
A: no striking features
a: Renounce Religion, Recite, Vitalisation, Imprison, Sanctuary, Donate Gold


You were on level 1 of the Spider Nest.
You worshipped Zin.
Zin was exalted by your worship.
You visited 5 branches of the dungeon, and saw 22 of its levels.

You collected 2001 gold pieces.
You spent 1633 gold pieces at shops.
You donated 148 gold pieces to Zin.

Inventory:

Hand Weapons
 a - a +3 battleaxe of freezing (weapon)
 b - a +5 flail of protection
 l - a +0 battleaxe
Missiles
 d - 16 poisoned darts (quivered)
 y - 16 boomerangs
 B - a silver boomerang
 E - 8 curare-tipped darts
 H - 6 javelins
Armour
 g - a +0 cloak (worn)
 n - the +2 plate armour "Lubumage" (worn) {rC+ Str+3 Int+5 Dex-3}
   (You bought it in a shop on level 1 of the Dungeon)

   Str:       It affects your strength (+3).
   Int:       It affects your intelligence (+5).
   Dex:       It affects your dexterity (-3).
   rC:        It protects you from cold.
 G - a +2 pair of boots of rampaging (worn)
 Y - a +0 hat of willpower (worn)
Jewellery
 e - a +4 ring of protection (left hand)
 r - a ring of fire
 t - a ring of protection from cold
 x - an amulet of faith (around neck)
 z - a ring of resist corrosion (right hand)
 N - a ring of see invisible
 Q - the ring of Onoz {Fly rF+ Will+ rCorr Int-5}
   (You acquired it on level 12 of the Dungeon)

   [ring of protection from fire]

   Int:       It affects your intelligence (-5).
   rF:        It protects you from fire.
   Fly:       It grants you flight.
   rCorr:     It protects you from acid and corrosion.
   Will:      It increases your willpower.
 V - a ring of willpower
Wands
 c - a wand of paralysis (4)
 C - a wand of flame (21)
 J - a wand of iceblast (15)
 K - a wand of mindburst (24)
Scrolls
 f - a scroll of brand weapon
 h - 6 scrolls of blinking
 m - 3 scrolls of fear
 p - 4 scrolls of enchant weapon
 w - a scroll of vulnerability {unknown}
 A - 2 scrolls of silence {unknown}
 F - a scroll of fog
 L - 2 scrolls of torment {unknown}
 P - 2 scrolls of magic mapping
 S - 2 scrolls of enchant armour {unknown}
 U - 14 scrolls of teleportation
 X - a scroll of poison {unknown}
Potions
 j - 3 potions of flight
 o - a potion of haste
 q - 17 potions of curing
 s - 6 potions of attraction
 u - 4 potions of invisibility
 v - 3 potions of cancellation
 D - 2 potions of mutation
 M - 3 potions of berserk rage
 O - a potion of ambrosia
 R - a potion of magic
 Z - 6 potions of brilliance
Miscellaneous
 i - a tin of tremorstones (2/2)


   Skills:
 + Level 15.6 Fighting
 - Level 20.0 Axes
 + Level 15.1 Armour
 - Level 3.2 Shields
 + Level 15.8 Invocations
 + Level 9.1 Evocations


You had 14 spell levels left.
You didn't know any spells.
Your spell library contained the following spells:

 Spells                   Type           Power      Damage    Failure   Level
 Beastly Appendage        Tmut           0%         N/A       86%         1
 Freeze                   Ice            0%         1d3       86%         1
 Sting                    Tmut/Pois      0%         1d3       86%         1
 Blink                    Tloc           0%         N/A       94%         2
 Momentum Strike          Conj/Tloc      0%         3d8       94%         2
 Poisonous Vapours        Pois/Air       0%         N/A       94%         2
 Dazzling Flash           Conj/Hex       0%         N/A       99%         3
 Frozen Ramparts          Ice            0%         1d1       99%         3
 Hailstorm                Conj/Ice       0%         3d3       99%         3
 Kindle Blastsparks       Fire/Tloc/Air  0%         2d10      99%         3
 Lesser Beckoning         Tloc           0%         N/A       99%         3
 Fulminant Prism          Conj/Hex       0%         3d5       100%        4
 Iskenderun's Mystic Bla  Conj/Tloc      0%         2d3       100%        4
 Olgreb's Toxic Radiance  Pois           0%         N/A       100%        4
 Petrify                  Tmut/Erth      0%         N/A       100%        4
 Fireball                 Conj/Fire      0%         3d3       100%        5
 Iskenderun's Battlesphe  Conj           0%         2d6       100%        5
 Lee's Rapid Deconstruct  Erth           0%         3d4*      100%        5
 Metabolic Englaciation   Hex/Ice        0%         N/A       100%        5
 Yara's Violent Unravell  Hex/Tmut       0%         3d3       100%        5
 Conjure Ball Lightning   Conj/Air       0%         3x3d6     100%        6
 Starburst                Conj/Fire      0%         6d3       100%        6
 Statue Form              Tmut/Erth      0%         N/A       100%        6
 Enfeeble                 Hex            0%         N/A       100%        7
 Orb of Destruction       Conj           0%         9d5       100%        7
 Storm Form               Tmut/Air       0%         N/A       100%        7
 Infestation              Necr           0%         N/A       100%        8


Dungeon Overview and Level Annotations

Branches:
Dungeon (13/15)            Temple (1/1) D:4            Lair (5/5) D:11
 Shoals (0/4) Lair:2       Spider (1/4) Lair:3        Slime (0/5) Lair:5
    Orc (2/2) D:12            Elf (0/3) Orc:2
 Vaults: D:13-14

Altars:
Ashenzari
Dithmenos
Elyvilon
Fedhas
Gozag
Hepliaklqana
Kikubaaqudgha
Nemelex Xobeh
Okawaru
Qazlal
Ru
Sif Muna
Trog
Uskayaw
Vehumet
Wu Jian
Xom
Yredelemnul
Zin
The Shining One
Beogh

Shops:
D:1 [   D:5 ?   D:8 (   D:12 [   Orc:1 :   Orc:2 :[:[[

Portals:
Abyss: D:11

Annotations:
D:3 1 runed translucent door, tkbsonic5's ghost, amateur NaVM
D:6 6 runed translucent doors
D:8 3 runed translucent doors, purpskrrrp's ghost, novice TrTm
D:11 2 transporters, jlumianski's ghost, journeyman DsFi


Message History

A spark wasp comes into view.
The spark wasp stings you!
* * * LOW HITPOINT WARNING * * *
The spark wasp shocks you!
* * * LOW HITPOINT WARNING * * *
Activating: Sanctuary (1% risk of failure)
Press: ? - help, Dir - look around, f - activate You hear a choir sing!
By Zin's power, all blood is cleared from the sanctuary.
The spark wasp turns to flee the light!
The spark wasp buzzes angrily.
You see here a jumping spider corpse.
You feel much better.
Okay, then.
Okay, then.
You feel much better.
The sanctuary disappears.
The spark wasp stings you but does no damage.
You hit the spark wasp. You freeze the spark wasp.
The spark wasp is moderately wounded.
You barely miss the spark wasp.
The spark wasp stings you but does no damage. x2
You slash the spark wasp! You freeze the spark wasp!
The spark wasp is severely wounded.
You slice the spark wasp!! You freeze the spark wasp.
The spark wasp stings you! The spark wasp shocks you!
* * * LOW HITPOINT WARNING * * *
The spark wasp stings you.
* * * LOW HITPOINT WARNING * * *
The spark wasp shocks you!
* * * LOW HITPOINT WARNING * * *
You closely miss the spark wasp.
The spark wasp is severely wounded.
You hit the spark wasp but do no damage.
The spark wasp stings you.
* * * LOW HITPOINT WARNING * * *
The spark wasp shocks you!
* * * LOW HITPOINT WARNING * * *
The spark wasp stings you.
You die...

####..#......##....##
#..#.#................
#####.###.....#.....^...
.......#####..#.........
###.##..## #.##........
^...###..# #.##......#
.. ....# #^.###.##....##
##... ....#
#......##...#####...#.#
#...#
##.....#.y@y##.........
#...#
#........#†.........##
##..#
##....####......^...#
###.##
###.####.....####..#
###..### #.........##
.^#
..##...###...###....# .#
.# ####.......###..... .
.# ##.......# ##......
.#####........# #......


You could see 2 spark wasps.

Vanquished Creatures
  Gastronok (Lair:3)
  A spark wasp (Spider:1)
  An ettin (Orc:1)
  Josephine (D:12)
  A catoblepas (Lair:5)
  6 hydras
  5 boulder beetles
  A tengu warrior (D:13)
  4 death yaks
  3 two-headed ogres
  Sonja (Lair:5)
  5 orc high priests (Orc:2)
  A steelbarb worm (Spider:1)
  An orb spider (Spider:1)
  A skeletal warrior (D:6)
  A pharaoh ant (Spider:1)
  3 wolf spiders
  6 orc knights (Orc:2)
  A lindwurm (Lair:5)
  A cyclops (D:11)
  2 manticores (Lair:5)
  An ugly thing (D:13)
  2 moths of wrath (Spider:1)
  14 elephants
  5 black mambas
  12 cane toads
  An eye of devastation (shapeshifter) (D:13)
  A demonic crawler (Spider:1)
  An unseen horror (D:12)
  2 gargoyles (D:12)
  2 torpor snails (Lair:5)
  6 rime drakes
  9 komodo dragons
  A kobold demonologist (D:11)
  2 tengu conjurers (D:13)
  5 trolls
  12 polar bears
  3 meliai (D:13)
  A tarantella (Spider:1)
  Prince Ribbit (D:8)
  9 raiju (Lair:5)
  3 hornets (Lair:4)
  10 blink frogs
  3 dream sheep (Lair:5)
  10 slime creatures (D:12)
  3 culicivoras
  3 jumping spiders (Spider:1)
  13 spriggans
  2 shadows
  8 wraiths
  35 yaks
  3 basilisks
  6 wyverns
  6 redbacks (Spider:1)
  6 vampire mosquitoes (D:12)
  6 wargs
  3 acid dragons
  Duvessa (D:6)
  19 water moccasins
  8 hell hounds (Lair:5)
  Pargi (D:3)
  3 sky beasts
  13 black bears
  18 orc warriors
  7 ice beasts (D:11)
  25 wolves
  A centaur (D:7)
  3 boggarts (Lair:4)
  7 ogres
  2 phantoms
  10 bullfrogs
  A kobold brigand (D:7)
  3 gnoll sergeants
  8 scorpions
  5 necrophages
  8 wights
  Dowan (D:6)
  2 troll zombies (D:12)
  7 killer bees
  2 electric eels
  2 vampire bats (D:9)
  2 howler monkeys
  A hound (D:4)
  2 gnoll boudas
  34 orc priests
  12 jellies
  6 iguanas
  12 orc wizards
  9 hell rats (Lair:2)
  6 ogre zombies (D:12)
  20 gnolls
  7 river rats (Lair:2)
  8 adders
  2 shadow imps (D:6)
  A white imp (D:6)
  An ufetubus (D:6)
  A worm (Lair:3)
  5 dart slugs
  64 orcs
  4 bat skeletons (D:9)
  3 bat zombies (D:9)
  2 endoplasms
  5 giant cockroaches
  3 goblins
  10 hobgoblins
  8 jackals
  11 quokkas
  6 ball pythons
  3 bats
  4 goblin zombies (D:12)
  3 hobgoblin zombies (D:12)
  17 kobolds
  4 orc skeletons (D:12)
  14 orc zombies (D:12)
  16 rats
720 creatures vanquished.

Vanquished Creatures (others)
  40 fungi
  3 pillars of salt (D:12)
  88 plants
131 creatures vanquished.

Grand Total: 851 creatures vanquished

Notes
Turn   | Place    | Note
-------+----------+-------------------------------------------
     0 | D:1      | Jase the Hill Orc Fighter began the quest for the Orb.
     0 | D:1      | Reached XP level 1. HP: 19/19 MP: 1/1
    37 | D:1      | Reached skill level 3 in Axes
   138 | D:1      | Reached XP level 2. HP: 21/26 MP: 2/2
   240 | D:1      | Reached skill level 4 in Axes
   435 | D:1      | Reached XP level 3. HP: 31/31 MP: 3/3
   826 | D:1      | Found Zutuax's Antique Armour Emporium.
  1489 | D:2      | Reached XP level 4. HP: 37/39 MP: 4/4
  1788 | D:3      | Found a runed translucent door.
  1788 | D:3      | Noticed tkbsonic5's ghost (amateur NaVM)
  1788 | D:3      | Noticed an ice beast
  1813 | D:3      | Reached skill level 5 in Axes
  1834 | D:3      | Noticed Pargi
  1882 | D:3      | Killed Pargi
  1883 | D:3      | Reached XP level 5. HP: 40/45 MP: 5/5
  1920 | D:3      | Found a sparkling altar of Nemelex Xobeh.
  1963 | D:3      | Reached skill level 5 in Armour
  1987 | D:3      | Reached skill level 6 in Axes
  1996 | D:3      | Noticed a water moccasin
  2004 | D:3      | Killed a water moccasin
  2005 | D:3      | Reached XP level 6. HP: 29/51 MP: 6/6
  2164 | D:3      | Found a faded altar of an unknown god.
  2884 | D:4      | Reached skill level 7 in Axes
  2979 | D:4      | Reached XP level 7. HP: 23/57 MP: 7/7
  3269 | D:4      | Reached skill level 8 in Axes
  3338 | D:4      | Found a staircase to the Ecumenical Temple.
  3428 | D:4      | Found a basalt altar of Yredelemnul.
  3653 | D:5      | Entered Level 5 of the Dungeon
  3724 | D:5      | Reached XP level 8. HP: 62/64 MP: 8/8
  3925 | D:5      | Reached skill level 9 in Axes
  4161 | D:5      | Found Qoton's Magic Scroll Emporium.
  4164 | D:5      | Bought a scroll of identify for 26 gold pieces
  4168 | D:5      | Bought a scroll of fear for 52 gold pieces
  4168 | D:5      | Bought a scroll of enchant weapon for 97 gold pieces
  4168 | D:5      | Bought a scroll of blinking for 97 gold pieces
  4530 | D:6      | Noticed Duvessa
  4530 | D:6      | Noticed Dowan
  4542 | D:6      | Killed Dowan
  4543 | D:6      | Killed Duvessa
  4879 | D:6      | Reached skill level 10 in Axes
  4987 | D:6      | Found a large runed translucent door.
  4987 | D:6      | Found a large runed translucent door.
  5032 | D:6      | Noticed a wraith
  5045 | D:6      | Killed a wraith
  5046 | D:6      | Reached XP level 9. HP: 67/70 MP: 9/9
  5087 | D:6      | Noticed a two-headed ogre
  5093 | D:6      | Found a large runed translucent door.
  5093 | D:6      | Found a large runed translucent door.
  5218 | D:6      | Found a large runed translucent door.
  5219 | D:6      | Found a large runed translucent door.
  5349 | D:6      | Reached skill level 11 in Axes
  5379 | D:6      | Noticed a skeletal warrior
  5536 | D:7      | Reached skill level 10 in Armour
  5663 | Temple   | Entered the Ecumenical Temple
  5780 | Temple   | Became a worshipper of the Shining One
  5816 | D:4      | Reached skill level 12 in Axes
  5952 | D:6      | Killed a skeletal warrior
  5953 | D:6      | Reached skill level 13 in Axes
  6270 | D:7      | Found an ornate altar of the Wu Jian Council.
  6366 | D:7      | Reached skill level 14 in Axes
  6366 | D:7      | Reached XP level 10. HP: 69/77 MP: 10/10
  6434 | D:7      | Reached skill level 1 in Invocations
  6809 | D:7      | Found a glowing silver altar of Zin.
  6810 | D:7      | Found an opulent altar of Gozag.
  6815 | D:7      | Fell from the grace of the Shining One
  6815 | D:7      | Became a worshipper of Zin the Law-Giver
  6815 | D:7      | Reached * piety under Zin
  6846 | D:7      | Found a shimmering blue altar of Sif Muna.
  7254 | D:8      | Noticed purpskrrrp's ghost (novice TrTm)
  7319 | D:8      | Noticed Prince Ribbit
  7343 | D:8      | Killed Prince Ribbit
  7523 | D:8      | Found a runed translucent gate.
  7523 | D:8      | Found a runed translucent gate.
  7524 | D:8      | Found a runed translucent gate.
  7527 | D:8      | Noticed a shining eye
  7681 | D:8      | Found Tinu's Antique Weapon Shoppe.
  8251 | D:9      | Reached skill level 15 in Axes
  8251 | D:9      | Reached skill level 5 in Invocations
  8425 | D:9      | Reached ** piety under Zin
  8624 | D:9      | Reached skill level 16 in Axes
  8937 | D:9      | Noticed a two-headed ogre
  8944 | D:9      | Killed a two-headed ogre
  8945 | D:9      | Reached XP level 11. HP: 74/85 MP: 14/17
  9102 | D:9      | Found an ancient bone altar of Kikubaaqudgha.
  9106 | D:9      | Reached *** piety under Zin
  9294 | D:10     | Entered Level 10 of the Dungeon
  9550 | D:10     | Found a hazy altar of Hepliaklqana.
 10244 | D:10     | Reached skill level 5 in Fighting
 10718 | D:11     | Noticed a two-headed ogre
 10739 | D:11     | Killed a two-headed ogre
 10774 | D:11     | Noticed a cyclops
 10813 | D:11     | Killed a cyclops
 10975 | D:11     | Reached **** piety under Zin
 11061 | D:11     | Found a staircase to the Lair.
 11147 | D:11     | Found a one-way gate to the infinite horrors of the Abyss.
 11147 | D:11     | Noticed jlumianski's ghost (journeyman DsFi)
 11179 | D:11     | Found a transporter.
 11183 | D:11     | Found a transporter.
 11236 | D:11     | Noticed a skeletal warrior
 11320 | D:11     | Found a bloodstained altar of Trog.
 11385 | D:11     | Reached skill level 10 in Invocations
 11758 | Lair:1   | Entered Level 1 of the Lair of Beasts
 12092 | Lair:1   | Reached XP level 12. HP: 67/100 MP: 19/19
 12319 | Lair:1   | Reached skill level 17 in Axes
 13236 | Lair:2   | Noticed a four-headed hydra
 13702 | Lair:2   | Got the Precepts of Shapeshifting and Evil Magic
 13729 | Lair:2   | Killed a four-headed hydra
 13730 | Lair:2   | Reached skill level 1 in Evocations
 13931 | Lair:2   | Reached ***** piety under Zin
 14146 | Lair:2   | Found a staircase to the Shoals.
 14707 | Lair:3   | Noticed a four-headed hydra
 14967 | Lair:3   | Killed a four-headed hydra
 15268 | Lair:3   | Noticed Gastronok
 15402 | Lair:3   | Killed Gastronok
 15504 | Lair:3   | Found a hole to the Spider Nest.
 15606 | Lair:3   | Reached XP level 13. HP: 106/111 MP: 22/22
 15724 | Lair:3   | Reached skill level 18 in Axes
 17197 | Lair:4   | Reached skill level 10 in Fighting
 17216 | Lair:4   | Reached skill level 5 in Evocations
 17286 | Lair:4   | You fall into a shaft and drop 1 floor!
 17286 | Lair:5   | Entered Level 5 of the Lair of Beasts
 17286 | Lair:5   | Noticed Sonja
 17301 | Lair:5   | Killed Sonja
 17674 | Lair:5   | Identified a scroll of acquirement
 17674 | Lair:5   | Acquired a manual of Fighting
 18018 | Lair:5   | Reached XP level 14. HP: 57/124 MP: 24/24
 18044 | Lair:5   | Identified the +1 helmet of the Tuna {Str+6 Dex+4}
 18703 | D:1      | Bought an ichor-stained plate armour for 756 gold pieces
 18703 | D:1      | Identified the +2 plate armour "Lubumage" {rC+ Str+3 Int+5
                  | Dex-3} (You bought it in a shop on level 1 of the Dungeon)
 19704 | Lair:4   | Reached ****** piety under Zin
 19976 | D:12     | Acquired the ring of Onoz {Fly rF+ Will+ rCorr Int-5}
 20159 | D:12     | Reached skill level 19 in Axes
 20228 | D:12     | Found a staircase to the Orcish Mines.
 20263 | D:12     | Noticed Josephine
 20279 | D:12     | Killed Josephine
 20684 | D:12     | Found Dehyam's Armour Shoppe.
 21249 | Orc:1    | Entered Level 1 of the Orcish Mines
 21266 | Orc:1    | Found a roughly hewn altar of Beogh.
 21448 | Orc:1    | Found Fypsin's Book Boutique.
 22304 | Lair:5   | Found a staircase to the Slime Pits.
 23915 | Lair:5   | Reached XP level 15. HP: 80/137 MP: 26/26
 24565 | Orc:2    | Entered Level 2 of the Orcish Mines
 24608 | Orc:2    | Found a staircase to the Elven Halls.
 24758 | Orc:2    | Found Enutzoups's Armour Emporium.
 25018 | Orc:2    | Reached skill level 15 in Invocations
 26192 | Orc:2    | Found Tyavint's Antique Armour Emporium.
 26192 | Orc:2    | Found Sexzuc's Book Emporium.
 26193 | Orc:2    | Found Huedwacliqi's Book Emporium.
 26193 | Orc:2    | Found Saotat's Armour Shoppe.
 26205 | Orc:2    | Bought a +2 pair of boots of rampaging for 365 gold pieces
 26221 | Orc:2    | Bought a glowing helmet for 240 gold pieces
 26546 | D:13     | Reached skill level 20 in Axes
 26781 | D:13     | Reached skill level 15 in Fighting
 27308 | Spider:1 | Entered Level 1 of the Spider Nest
 27501 | Spider:1 | Reached skill level 15 in Armour
 28002 | Spider:1 | HP: 5/143 [spark wasp (17)]
 28021 | Spider:1 | HP: 3/143 [spark wasp (14)]
 28021 | Spider:1 | Slain by a spark wasp

Illustrated notes

Levels and vault maps discovered:
D:1:      roderic_chinese_lattice_arrival, layout_loops_corners, serial_shops,
          nicolae_shop_waterfront
D:2:      layout_basic, eino_curves_01, roderic_serpentine_path,
          kennysheep_generic_room_13
D:3:      layout_rooms, mainiacjoe_overflow_24_doors, ebering_ghost_inner_flame,
          shapermc_ecumenical_altar_gd, minmay_checkerbox, uniq_pargi
D:4:      layout_basic, marbit_many_paths, minmay_temple_entry_hall
D:5:      layout_basic, serial_shops, kennysheep_mini
D:6:      cheibrodos_iron_armory, layout_rooms, jmf_multi_god_temple2,
          hangedman_abyss_or_decor_stagger, minmay_hollow_rounded_squares,
          uniq_duvessa
D:7:      layout_basic, mainiacjoe_overflow_alcove_2,
          pdpol_wu_jian_five_deadly_venoms,
          grunt_temple_overflow_gold_and_silver
D:8:      layout_basic, gammafunk_ghost_split, serial_shops, nicolae_shop_stone,
          hangedman_decor_riveting, uniq_prince_ribbit1
D:9:      layout_cave_pods, kennysheep_vampire_church
D:10:     layout_basic, nicolae_hepliaklqana_hazy_memory
D:11:     layout_stronghold, hellmonk_lair_entry_icy,
          gammafunk_ghost_abyssal_escape, trog_butcher_becter
D:12:     layout_irregular_city, zombieorc2_lemuel, serial_shops,
          nicolae_shop_behind_doors, uniq_josephine
D:13:     layout_cave_pools
Temple:   nicolae_temple_godzebo
Lair:1:   layout_chaotic_city, lemuel_fruit_tree, grunt_megastairs_1,
          infiniplex_staircase_pool
Lair:2:   lemuel_ratsnest, layout_small_grid, elwin_shoals_entry_rocks,
          grunt_megastairs_2
Lair:3:   layout_gridlike, nicolae_spider_entry_non_spiders, serial_forest,
          infiniplex_forest_clump_small, infiniplex_forest_clump_curved,
          infiniplex_forest_clump_small, infiniplex_forest_lined_3,
          infiniplex_forest_lined_3_way, infiniplex_forest_end_1,
          grunt_forest_stairs_clearing, uniq_gastronok
Lair:4:   kb_forest_paths, layout_gridlike, serial_bayou, serial_bayou_pond_d,
          serial_bayou_pond_c, serial_bayou_pond_a, serial_bayou_crossing,
          st_stairs_9, dreamdust_gnoll_shepherd, serial_bayou_shore_b
Lair:5:   hangedman_lair_caniforms_friends, layout_cellular_growth,
          hangedman_lair_in_review, minmay_slime_entry_jelly_boxes,
          nicolae_volcano_entry_s_turn, chequers_serial_rivers_small_3,
          lemuel_fruit_fields, uniq_sonja
Spider:1: layout_chambers, nicolae_spider_bzzzt
Orc:1:    layout_diamond_mine, serial_shops, nicolae_shop_hallway_stairs,
          basic_altar
Orc:2:    st_orc_pillars, layout_caves, serial_shops, nicolae_diamond_shop

Skill      XL: |  1  2  3  4  5  6  7  8  9 10 11 12 13 14 15 |
---------------+----------------------------------------------+-----
Axes           | 3 4 5 6 7 8 10 14 16 17 18 19 20 | 20.0
Armour         | 4 5 6 7 9 10 11 12 13 14 15 | 15.1
Invocations    | 8 10 12 13 14 15 | 15.8
Fighting       | 4 7 9 11 13 15 | 15.6
Evocations     | 3 6 7 9 |  9.1
Shields        | |  3.2

Action                   |  1- 3 |  4- 6 |  7- 9 | 10-12 | 13-15 || total
-------------------------+-------+-------+-------+-------+-------++-------
Melee: War axe           |   129 |   117 |   292 |   331 |       ||   869
       Punch             |     3 |     4 |     1 |     4 |     1 ||    13
       Battleaxe         |       |       |       |   415 |  1059 ||  1474
       Flail             |       |       |       |    20 |    27 ||    47
Throw: Stone             |       |     5 |       |       |       ||     5
       Dart              |       |       |       |       |     8 ||     8
Invok: Recite            |       |       |       |    10 |    28 ||    38
       Vitalisation      |       |       |       |    12 |    23 ||    35
       Sanctuary         |       |       |       |       |     1 ||     1
Evoke: Box of beasts     |       |       |     1 |       |       ||     1
       Wand              |       |       |       |     4 |     5 ||     9
  Use: Scroll            |       |     1 |     6 |     3 |    15 ||    25
       Potion            |       |       |     3 |     2 |     5 ||    10
 Stab: Invisible         |       |       |       |     1 |     3 ||     4
       Confused          |       |       |       |     1 |     4 ||     5
       Paralysed         |       |       |       |       |    27 ||    27
       Petrified         |       |       |       |       |     2 ||     2
       Petrifying        |       |       |       |       |     1 ||     1
Armor: Scale mail        |     9 |       |       |       |       ||     9
       Plate armour      |    92 |   112 |   169 |   405 |   610 ||  1388
Dodge: Dodged            |    49 |    34 |   130 |   303 |   323 ||   839

Table legend: (Time is in decaauts)
 A = Elapsed time spent in this place.
 B = Non-inter-level travel time spent in this place.
 C = Inter-level travel time spent in this place.
 D = Time resting spent in this place.
 E = Time spent auto-exploring this place.
 F = Levels seen in this place.
 G = Mean time per level.
                   A        B        C        D        E       F      G
               +--------+--------+--------+--------+--------+-----+--------+
         Total |  27732 |  25217 |   2515 |   6305 |  13327 |  22 | 1260.5 |
       Dungeon |  14523 |  13069 |   1454 |   2043 |   8235 |  13 | 1117.2 |
        Temple |    138 |    117 |     21 |      0 |     97 |   1 |  138.0 |
          Lair |  10218 |   9315 |    903 |   3423 |   4059 |   5 | 2043.6 |
   Spider Nest |    562 |    549 |     13 |    294 |    113 |   1 |  562.0 |
  Orcish Mines |   2290 |   2166 |    124 |    544 |    823 |   2 | 1145.0 |
               +--------+--------+--------+--------+--------+-----+--------+

Top non-repeatable levels by time:
  Lair:5: 3000 daAuts
  Lair:4: 2096 daAuts
  Lair:3: 1951 daAuts
  Lair:1: 1747 daAuts
   Orc:2: 1709 daAuts
    D:10: 1431 daAuts
  Lair:2: 1422 daAuts
    D:12: 1319 daAuts
     D:4: 1309 daAuts
     D:9: 1291 daAuts
     D:5: 1264 daAuts
     D:7: 1254 daAuts
    D:11: 1225 daAuts
     D:1: 1162 daAuts
     D:6: 945 daAuts
